 Dungeon Crawl Stone Soup version 0.22-a0-803-gd6d8abe (webtiles) character file.

121 iamserjio the Chiller (level 4, 0/24 HPs)
             Began as a Deep Elf Ice Elementalist on July 22, 2018.
             Slain by a hobgoblin
             ... wielding a +0 club
              (6 damage)
             ... on level 3 of the Dungeon.
             The game lasted 00:05:57 (845 turns).

iamserjio the Chiller (Deep Elf Ice Elementalist)    Turns: 845, Time: 00:05:57

Health: 0/24       AC:  2    Str:  5    XL:     4   Next: 77%
Magic:  3/12       EV: 14    Int: 21    God:
Gold:   106        SH:  0    Dex: 15    Spells: 5/11 levels left

rFire    . . .     SeeInvis .   d - +0 club
rCold    . . .     Gourm    .   (no shield)
rNeg     . . .     Faith    .   a - +0 robe
rPois    .         Spirit   .   (no helmet)
rElec    .         Reflect  .   (no cloak)
rCorr    .         Harm     .   (no gloves)
MR       .....                  (no boots)
Stlth    ++........             (no amulet)
HPRegen  0.08/turn              (no ring)
MPRegen  0.13/turn              (no ring)

@: no status effects
A: no striking features
a: no special abilities


You were on level 3 of the Dungeon.
You were not hungry.

You visited 1 branch of the dungeon, and saw 3 of its levels.

You collected 106 gold pieces.

Inventory:

Hand Weapons
 d - a +0 club (weapon)
 j - a +0 long sword
Missiles
 b - 25 stones (quivered)
 m - 19 bolts
Armour
 a - a +0 robe (worn)
 n - a +0 shield
Scrolls
 f - 3 scrolls of remove curse {unknown}
 g - a scroll of random uselessness {unknown}
 i - a scroll of identify {unknown}
 l - a scroll of teleportation {unknown}
Potions
 e - a potion of might {unknown}
 h - 2 potions of degeneration {unknown}
Comestibles
 c - 6 rations
 k - 4 chunks of flesh


   Skills:
 + Level 3.6 Dodging
 - Level 2.4 Stealth
 - Level 4.0 Spellcasting
 + Level 2.3 Conjurations
 + Level 4.5 Ice Magic


You had 5 spell levels left.
You knew the following spells:

 Your Spells              Type           Power        Failure   Level  Hunger
a - Freeze                Ice            ###.         1%          1    None
b - Throw Frost           Conj/Ice       ###...       4%          2    #......
c - Ozocubu's Armour      Chrm/Ice       ##......     14%         3    ###....

Your spell library contained the following spells:

 Spells                   Type           Power        Failure   Level  Hunger
 Summon Ice Beast         Ice/Summ       ##......     43%         4    ####...
 Throw Icicle             Conj/Ice       ###.....     28%         4    ####...


Dungeon Overview and Level Annotations

Branches:
Dungeon (3/15)

Altars:
Hepliaklqana
Nemelex Xobeh
Xom
Zin


Message History

Aim: a rat (severely wounded)
You freeze the rat.
You kill the rat!
Found a ring mail.
c - 5 rations (gained 1)
You now have 106 gold pieces (gained 18).
Found a ration.
Found a silvery potion.
c - 6 rations (gained 1)
A hobgoblin comes into view. It is wielding a club.
Casting: Freeze (safe; 1% risk of failure)
Confirm with . or Enter, or press ? or * to list all spells.
Aiming: Freeze (safe; 1% risk of failure)
Press: ? - help, Shift-Dir - straight line, f - hobgoblin
Aim: a hobgoblin, wielding a club (resting)
You freeze the hobgoblin.
The hobgoblin shouts!
The hobgoblin is moderately wounded.
The hobgoblin hits you with a club.
You die...

######### ##### #.g......
...#
########@###########.####
....!.............##.....
#######.................#
.........##.##.#..##..
#.###.............(....
#...##..###.#..##..
#..................
#...............#..
......##..###.#..#...


You could see a hobgoblin.

Vanquished Creatures
  Jessica (D:2)
  5 adders
  An ooze (D:2)
  A worm (D:3)
  A leopard gecko (D:2)
  6 goblins
  6 hobgoblins
  4 jackals (D:1)
  A bat (D:1)
  3 frilled lizards
  8 kobolds
  7 rats
44 creatures vanquished.

Notes
Turn   | Place    | Note
-------+----------+-------------------------------------------
     0 | D:1      | iamserjio the Deep Elf Ice Elementalist began the quest for the Orb.
     0 | D:1      | Reached XP level 1. HP: 10/10 MP: 6/6
   130 | D:1      | Reached XP level 2. HP: 8/15 MP: 1/8
   216 | D:1      | Learned a level 2 spell: Throw Frost
   352 | D:2      | Found a sparkling altar of Nemelex Xobeh.
   352 | D:2      | Noticed Jessica
   358 | D:2      | Killed Jessica
   358 | D:2      | Reached XP level 3. HP: 18/19 MP: 6/10
   376 | D:2      | Learned a level 3 spell: Ozocubu's Armour
   413 | D:2      | Found a shimmering altar of Xom.
   419 | D:2      | Noticed an angel
   428 | D:2      | Found a glowing silver altar of Zin.
   454 | D:2      | You fall through a shaft!
   482 | D:2      | Reached XP level 4. HP: 22/24 MP: 6/11
   523 | D:2      | Found a hazy altar of Hepliaklqana.
   845 | D:3      | Slain by a hobgoblin

Vault maps used:
D:1:      dpeg_arrival_signposts, nrook_mini_vaults
D:2:      grunt_temple_overflow_order_and_chaos_1,
          lemuel_coloured_pillars_altar, nemelex_lonely_heart_becter
D:3:      first_ration

Skill      XL: |  1  2  3  4 |
---------------+-------------+-----
Dodging        | 3 |  3.6
Ice Magic      | 4 |  4.5
Spellcasting   | 4 |  4.0
Conjurations   | 2 |  2.3
Stealth        | |  2.4

Action                   |  1- 3 |  4- 6 || total
-------------------------+-------+-------++-------
Melee: Club              |     9 |     1 ||    10
 Cast: Freeze            |    37 |    31 ||    68
Armor: Robe              |     2 |     1 ||     3
Dodge: Dodged            |    23 |     8 ||    31

Table legend:
 A = Spawn XP
 B = Non-spawn XP
 C = Spawn XP percentage of total XP
 D = Spawn monster count
 E = Non-spawn monster count
 F = Spawn count percentage of total count
 G = Total turns spent on level
                    A         B        C        D         E        F      G
               +---------+---------+-------+---------+---------+-------+---------
         Total |       0 |     174 |   0.0 |       0 |      44 |   0.0 |   845
               +---------+---------+-------+---------+---------+-------+---------
           D:1 |       0 |      35 |   0.0 |       0 |      21 |   0.0 |   401
           D:2 |       0 |      99 |   0.0 |       0 |      15 |   0.0 |   348
           D:3 |       0 |      40 |   0.0 |       0 |       8 |   0.0 |    96
               +---------+---------+-------+---------+---------+-------+---------
